 Dungeon Crawl Stone Soup version 0.31-a0-655-gf2d5465dac (webtiles) character file.

Game seed: 2643001492537097930

1319 AdnanSaban the Cudgeller (level 8, -10/49 HPs)
             Began as a Gargoyle Fighter on Aug 30, 2023.
             Killed from afar by a steam dragon (19 damage)
             ... with a ball of steam
             ... on level 5 of the Dungeon.
             The game lasted 00:07:33 (4335 turns).

AdnanSaban the Cudgeller (Gargoyle Fighter)         Turns: 4335, Time: 00:07:34

Health: -10/49     AC: 17    Str: 23    XL:     8   Next: 59%
Magic:  8/8        EV:  8    Int:  8    God:
Gold:   334        SH: 10    Dex:  9    Spells: 7/7 levels left

rFire   . . .        a - +0 flail
rCold   . . .        c - +0 buckler
rNeg    + + .        B - +1 chain mail of Ulocwon {rN+ Will++}
rPois   ∞            (no helmet)
rElec   +            (no cloak)
rCorr   +            v - +0 pair of gloves
SInv    .            (no boots)
Will    ++...        o - amulet of reflection Stlth
                     t - ring of resist corrosion
HPRegen 0.28/turn    w - ring of flight
MPRegen 0.11/turn

%: reflection
@: flying
A: sickness immunity, AC +5, negative energy resistance 1, electricity
resistance, torment resistance 1, petrification resistance
a: no special abilities


You were on level 5 of the Dungeon.
You visited 1 branch of the dungeon, and saw 5 of its levels.
You also visited: Sewer and Ossuary.

You collected 334 gold pieces.

Inventory:

Hand Weapons
 a - a +0 flail (weapon)
Missiles
 i - 3 curare-tipped darts
 x - 2 throwing nets
 z - 15 poisoned darts (quivered)
Armour
 c - a +0 buckler (worn)
 v - a +0 pair of gloves (worn)
 B - the +1 chain mail of Ulocwon (worn) {rN+ Will++}
   (You found it on level 4 of the Dungeon)

   rN+:       It protects you from negative energy.
   Will++:    It greatly increases your willpower.
Jewellery
 o - an amulet of reflection (around neck)
 t - a ring of resist corrosion (left hand)
 w - a ring of flight (right hand)
 G - the ring "Muokant" {rC+ Dex+2 Slay+4}
   (You found it on level 5 of the Dungeon)

   [ring of slaying]

   Dex+2:     It affects your dexterity (+2).
   Slay+4:    It affects your accuracy & damage with ranged weapons and melee
   (+4).
   rC+:       It protects you from cold.
Wands
 q - a wand of flame (23)
Scrolls
 b - a scroll of brand weapon {unknown}
 e - 11 scrolls of identify {unknown}
 f - 4 scrolls of amnesia {unknown}
 h - 2 scrolls of blinking {unknown}
 j - a scroll of noise {unknown}
 l - 2 scrolls of fog {unknown}
 n - a scroll of vulnerability {unknown}
 r - 5 scrolls of teleportation {unknown}
 s - a scroll of torment {unknown}
 y - a scroll of immolation {unknown}
 E - 2 scrolls of butterflies {unknown}
 F - 3 scrolls of fear {unknown}
Potions
 d - 2 potions of might
 g - 2 potions of mutation {unknown}
 k - 9 potions of curing {unknown}
 m - 2 potions of ambrosia {unknown}
 p - a potion of invisibility {unknown}
 u - 7 potions of haste {unknown}
 A - 2 potions of enlightenment {unknown}
 C - a potion of experience {unknown}
 D - a potion of heal wounds {unknown}


   Skills:
 + Level 5.2 Fighting
 + Level 7.1 Maces & Flails
 + Level 5.0 Armour
 + Level 2.1 Dodging
 + Level 0.2 Stealth
 + Level 5.9 Shields


You had 7 spell levels left.
You didn't know any spells.
Your spell library contained the following spells:

 Spells                   Type           Power      Damage    Failure   Level
 Wereblood                Tmut           0%         N/A       99%         2
 Summon Hydra             Summ           0%         N/A       100%        7
 Chain Lightning          Conj/Air       0%         N/A       100%        9
 Fire Storm               Conj/Fire      0%         5d1       100%        9
 Shatter                  Erth           0%         3d5*      100%        9
 Sublimation of Blood     Necr           Unusable   N/A       N/A         2

Dungeon Overview and Level Annotations

Branches:
Dungeon (5/15)              Sewer (visited)         Ossuary (visited)
 Temple: D:4-7

Altars:
Elyvilon

Shops:
D:3 *


Innate Abilities, Weirdness & Mutations

You are immune to sickness and miasma.
Your stone body is resilient. (AC +5)
You are immune to poison.
You resist negative energy. (rN+)
You are resistant to electric shocks. (rElec)
You are resistant to unholy torment.
You are immune to petrification.


Message History

2 steam dragons come into view.
The steam dragon hisses angrily. x2
The steam dragon moves out of view.
A steam dragon is nearby!
A steam dragon is nearby!
Found a fuming white potion.
The steam dragon breathes steam at you.
The ball of steam hits the fungus!!
The fungus begins to die.
The ball of steam hits you.
The fungus is engulfed in a cloud of scalding steam.
The fungus begins to die.
The fungus is engulfed in a cloud of scalding steam.
You barely miss the steam dragon.
The fungus is engulfed in a cloud of scalding steam. x2
The steam dragon bites you but does no damage.
The steam dragon claws you but does no damage.
The steam dragon barely misses you. You block the steam dragon's attack.
You are engulfed in a cloud of scalding steam.
The steam dragon bites the fungus!
The fungus begins to die.
The steam dragon claws the fungus.
You are engulfed in a cloud of scalding steam.
The fungus is engulfed in a cloud of scalding steam. x2
The fungus is engulfed in a cloud of scalding steam.
A nearby fungus withers and dies.
The steam dragon breathes steam at you.
The ball of steam hits you but does no damage.
You are engulfed in a cloud of scalding steam.
You are engulfed in a cloud of scalding steam.
You are engulfed in a cloud of scalding steam.
The steam dragon breathes steam at you. The ball of steam hits you.
The steam dragon breathes steam at you. The ball of steam hits you!!
* * * LOW HITPOINT WARNING * * *
You are engulfed in a cloud of scalding steam.
* * * LOW HITPOINT WARNING * * *
Okay, then.
The steam dragon breathes steam at you. The ball of steam hits you!!
You die...

#. #. #.### ##. ###.<.# #..
.####.# .. .....##.# .## ..#.##.#
#.# #+# .....#.######
######§###.######....#......#####
#....§D.§.DD..§§@.#..÷......##...
#...§D§###§.......##........##...
.......#...........###......##...
#...##..##.###.....###...........
##..#8..8#§# #####...#......#....
~#.........# ###.#......#####
P#....>...## #.#....'######
.#..#8..8## #.....##...#..
###.##..## ##..####...#.>


There were no monsters in sight!

Vanquished Creatures
  Grinder (Sewer)
  A water moccasin (D:5)
  A kobold brigand (Sewer)
  A phantom (Sewer)
  2 elf zombies (Ossuary)
  Blork the orc (D:4)
  A scorpion (D:4)
  A wight (Sewer)
  3 hounds
  2 human zombies (Ossuary)
  Ijyb (D:2)
  Natasha (thrice) (D:4)
  An iguana (D:4)
  2 mummies (Ossuary)
  8 adders
  2 river rats (D:4)
  A shadow imp (Sewer)
  3 ufetubi (Sewer)
  An adder zombie (Ossuary)
  2 worms
  5 dart slugs
  5 orcs
  8 endoplasms
  2 giant cockroaches (Sewer)
  8 goblins
  6 hobgoblins
  8 jackals
  7 quokkas
  11 ball pythons
  5 bats
  5 frilled lizards
  A giant cockroach zombie (Sewer)
  3 goblin zombies (Ossuary)
  10 hobgoblin zombies (Ossuary)
  3 jackal zombies (Ossuary)
  21 kobolds
  13 kobold zombies
  4 orc zombies (Ossuary)
  4 rats
  A rat zombie (Ossuary)
168 creatures vanquished.

Notes
Turn   | Place    | Note
-------+----------+-------------------------------------------
     0 | D:1      | AdnanSaban the Gargoyle Fighter began the quest for the
                  | Orb.
     0 | D:1      | Reached XP level 1. HP: 14/14 MP: 1/1
   233 | D:1      | Reached XP level 2. HP: 19/19 MP: 2/2
   957 | D:2      | Reached XP level 3. HP: 23/23 MP: 3/3
  1347 | D:2      | Reached skill level 3 in Maces & Flails
  1494 | D:2      | Reached XP level 4. HP: 29/29 MP: 4/4
  1514 | D:2      | Noticed Ijyb
  1528 | D:2      | Killed Ijyb
  2023 | D:3      | Reached XP level 5. HP: 33/33 MP: 5/5
  2048 | D:3      | Found Jeufizef's Assorted Antiques.
  2430 | D:4      | Identified the +1 chain mail of Ulocwon {rN+ Will++}
  2485 | D:4      | Noticed Natasha
  2525 | D:4      | Found a glowing drain.
  2530 | D:4      | Reached skill level 1 in Dodging
  2533 | Sewer    | Entered a sewer
  2713 | Sewer    | Found an ancient bone altar of Kikubaaqudgha.
  2737 | Sewer    | Noticed a kobold brigand
  2746 | Sewer    | Noticed Grinder
  2748 | Sewer    | Killed a kobold brigand
  2749 | Sewer    | Reached skill level 4 in Maces & Flails
  2749 | Sewer    | Reached XP level 6. HP: 26/38 MP: 6/6
  2913 | Sewer    | Killed Grinder
  2914 | Sewer    | Reached skill level 5 in Shields
  2914 | Sewer    | Reached XP level 7. HP: 34/44 MP: 7/7
  3044 | Sewer    | Reached skill level 5 in Maces & Flails
  3141 | D:4      | Killed Natasha
  3241 | D:4      | Noticed Natasha
  3248 | D:4      | Killed Natasha
  3274 | D:4      | Noticed Blork the orc
  3281 | D:4      | Killed Blork the orc
  3372 | D:4      | Noticed Natasha
  3379 | D:4      | Killed Natasha
  3411 | D:4      | Found a white marble altar of Elyvilon.
  3538 | D:4      | Reached XP level 8. HP: 48/48 MP: 8/8
  3732 | D:5      | Entered Level 5 of the Dungeon
  3755 | D:4      | Reached skill level 6 in Maces & Flails
  3801 | D:5      | Found a sand-covered staircase.
  3806 | Ossuary  | Entered an ossuary
  4008 | Ossuary  | Reached skill level 5 in Fighting
  4144 | D:5      | Reached skill level 5 in Armour
  4191 | D:5      | Identified the ring "Muokant" {rC+ Dex+2 Slay+4}
  4230 | D:5      | Reached skill level 7 in Maces & Flails
  4335 | D:5      | Killed from afar by a steam dragon

Illustrated notes

Levels and vault maps discovered:
D:1:      minmay_arrival_pointy, layout_loops_ring
D:2:      kennysheep_the_goblin_king, layout_basic
D:3:      layout_rooms, serial_shops, shop
D:4:      minmay_general_purpose_star, layout_cave_pools,
          mainiacjoe_overflow_tiny_flanked, gup_sewer_entry_bowl,
          uniq_blork_the_orc, uniq_natasha
D:5:      kennysheep_steamy, layout_rooms, led_sif_pool, general_overflow_altar,
          minmay_temple_entry_waves, nicolae_ossuary_entry_false_entrances,
          st_stairs_6, grunt_ministairs_7, supply_closet_lemuel

Skill      XL: |  1  2  3  4  5  6  7  8 |
---------------+-------------------------+-----
Maces & Flails | 3 4 5 7 |  7.1
Armour         | 4 5 |  5.0
Shields        | 4 5 |  5.9
Dodging        | 1 2 |  2.1
Fighting       | 4 5 |  5.2
Stealth        | |  0.2

Action                     |  1- 3 |  4- 6 |  7- 9 || total
---------------------------+-------+-------+-------++-------
  Melee: Flail             |   148 |   254 |   294 ||   696
 Armour: Scale mail        |    69 |    66 |       ||   135
         Chain mail        |       |   139 |   164 ||   303
  Dodge: Dodged            |    80 |   139 |    90 ||   309
  Block: Buckler           |    44 |   206 |   139 ||   389
         Reflection        |       |     1 |     1 ||     2

Table legend: (Time is in decaauts)
 A = Elapsed time spent in this place.
 B = Non-inter-level travel time spent in this place.
 C = Inter-level travel time spent in this place.
 D = Time resting spent in this place.
 E = Time spent auto-exploring this place.
 F = Levels seen in this place.
 G = Mean time per level.
                   A        B        C        D        E       F      G
               +--------+--------+--------+--------+--------+-----+--------+
         Total |   4481 |   4383 |     98 |     82 |   2813 |   7 |  640.1 |
       Dungeon |   3513 |   3415 |     98 |      0 |   2508 |   5 |  702.6 |
         Sewer |    637 |    637 |      0 |     82 |    271 |   1 |  637.0 |
       Ossuary |    330 |    330 |      0 |      0 |     34 |   1 |  330.0 |
               +--------+--------+--------+--------+--------+-----+--------+

Top non-repeatable levels by time:
     D:2: 1086 daAuts
     D:1: 917 daAuts
     D:4: 803 daAuts
   Sewer: 637 daAuts
     D:3: 462 daAuts
 Ossuary: 330 daAuts
     D:5: 243 daAuts
